AoeStats
← K

African Clearing

510537117Analyzed
4v4 RM · 21h ago on Oct 1, 2026· 37m 58s· 8 players
Game mode
Random Map
Map size
Large (8 player)
Population
200
Speed
Normal
Resources
Standard
Victory
Conquest
Starting age
Dark Age
Ending age
Imperial Age
RankedLock teamsTeams togetherTeam positionsShared explorationLock speedFull tech treeHidden civsTurbo modeCheats
Victory
Defeat
🇨🇳 Franks · China
1273
+13
🇹🇼 Varangians · Taiwan
1226
+14
🇨🇳 Byzantines · China
1181
+16
🇨🇳 Slavs · China
1142
+19
🇺🇸 Malians · United States
1195
-16
🇨🇱 Wei · Chile
1195
-16
🇨🇳 Spanish · China
1186
-15
🇬🇧 Mongols · United Kingdom
1181
-15
Alarich1000
Anunkind
8:58 Loom
9:39 Loom
12:25 Feudal Age
13:47 Double-Bit Axe
14:37 Bloodlines
21:35 Wheelbarrow
26:36 Castle Age
28:11 Scale Barding Armor
31:22 Chain Barding Armor
MADAO
7:06 Loom
14:18 Feudal Age
16:04 Double-Bit Axe
19:28 Castle Age
23:30 Wheelbarrow
24:05 Town Watch
24:52 Stone Mining
25:13 Bow Saw
31:26 Padded Archer Armor
32:45 Bloodlines
34:07 Leather Archer Armor
35:10 Fletching
K
12:37 Feudal Age
15:57 Loom
20:46 Double-Bit Axe
20:55 Gold Mining
22:34 Padded Archer Armor
24:54 Castle Age
GYLi
12:03 Feudal Age
14:08 Loom
16:57 Castle Age
15:33 Fletching
15:46 Double-Bit Axe
17:33 Bodkin Arrow
27:01 Ballistics
27:43 Masonry
28:25 Bloodlines
28:15 Husbandry
28:54 Padded Archer Armor
31:21 Husbandry
36:15 Imperial Age
34:25 Bow Saw
36:20 Heavy Mounted Crossbowman
徐达浪
7:01 Loom
14:07 Feudal Age
16:15 Double-Bit Axe
24:03 Castle Age
23:45 Forging
25:16 Husbandry
26:57 Forging
35:04 Bow Saw
Gim
10:28 Loom
12:43 Feudal Age
18:05 Castle Age
17:48 Double-Bit Axe
20:42 Scale Barding Armor
21:18 Bow Saw
27:38 Bloodlines
28:46 Husbandry
29:05 Horse Collar
31:29 Wheelbarrow
31:49 Chain Barding Armor
32:15 Forging
38:11 Imperial Age
36:20 Hand Cart
36:46 Iron Casting
36:42 Detinets
37:42 Heavy Plow
12014665
5:56 Loom
13:35 Feudal Age
22:27 Castle Age
20:35 Double-Bit Axe
21:07 Horse Collar
22:52 Gold Mining
25:08 Wheelbarrow
25:23 Bow Saw
31:50 Heavy Plow
36:09 Imperial Age
35:01 Gold Shaft Mining
34:40 Stone Mining
35:20 Scale Barding Armor
35:27 Forging
37:00 Stone Shaft Mining
37:01 Hand Cart
37:21 Chain Barding Armor
37:39 Iron Casting
37:47 Elite Cataphract
39:08 Plate Barding Armor
Connection lost

Rejoining the realm…

Still unreachable

The connection could not be restored.

Session expired

The server has moved on; the page needs a fresh start.